Cogmind - Beta 12 @@@ ROGUE MODE // 2023.03.14 @ 18:18:56 Player: Decinym Result: Destroyed by 8R-AWN with 8R-AWN's Boregun Performance ------------- Evolutions (1) 500 Regions Visited (5) 1000 Robots Destroyed (33) 165 Value Destroyed (776) 776 Prototype IDs (24) 480 Alien Tech Used (0) 0 Bonus (337) 337 TOTAL SCORE: 3258 Bonus ------- Follower Combat Kills 78 Aligned with FarCom 300 Friendly Fire -41 Cogmind --------- Core Integrity 0/400 Matter 295/300 Energy 90/100 System Corruption 1% Temperature Cool (0) Movement Treading (240) Ox1 Location -9/Exiles Parts ------- > --- POWER (1) -------- (None) > --- PROPULSION (3) --- Light Treads Improved Treads > --- UTILITY (3) ------ Heat Sink Improved Heat Sink High-capacity Storage Unit > --- WEAPON (2) ------- Longsword +1 > --- INVENTORY (20) --- Aluminum Leg Carbon-fiber Leg Carbon-fiber Leg Large Storage Unit Seismic Detector Spread Laser Guided Plasma Cannon Assault Rifle Heavy Assault Rifle Rocket Launcher Plasma Cutter Mace Peak State ------------ > --- POWER ------------ Cooled Ion Engine > --- PROPULSION ------- Light Treads Light Treads Light Treads > --- UTILITY ---------- Heat Sink Improved Heat Sink High-capacity Storage Unit > --- WEAPON ----------- Beamcaster Longsword +1 > --- INVENTORY -------- Ion Engine Improved Treads Aluminum Leg Carbon-fiber Leg Carbon-fiber Leg Large Storage Unit Seismic Detector Spread Laser Particle Cannon Guided Plasma Cannon Assault Rifle Heavy Assault Rifle Rocket Launcher Plasma Cutter Mace [Rating: 27] Favorites ----------- Power Cooled Ion Engine Engine Cooled Ion Engine Propulsion Light Treads Treads Light Treads Leg Aluminum Leg Utility Large Storage Unit Device Heat Sink Storage Large Storage Unit Processor Signal Interpreter Weapon Particle Cannon Energy Gun Beamcaster Energy Cannon Particle Cannon Launcher Rocket Launcher Slashing Weapon Longsword +1 Build | -11 -10 -10 -9 -9 -9 ------- Run | Jun Mat Min Mat Min Exi Slots Evolved 2 | . . . 2 . . Power . | . . . . . . Propulsion 1 | . . . 1 . . Utility 1 | . . . 1 . . Weapon . | . . . . . . Parts Attached 33 | . 1 9 12 5 6 Power 4 | . . 2 1 . 1 Engine 4 | . . 2 1 . 1 Core . | . . . . . . Reactor . | . . . . . . Propulsion 12 | . . 3 5 3 1 Treads 4 | . . . . 3 1 Leg 8 | . . 3 5 . . Wheel . | . . . . . . Hover . | . . . . . . Flight . | . . . . . . Utility 7 | . 1 2 2 1 1 Device 3 | . . 1 1 1 . Storage 3 | . 1 . 1 . 1 Processor 1 | . . 1 . . . Hackware . | . . . . . . Protection . | . . . . . . Artifact . | . . . . . . Weapon 10 | . . 2 4 1 3 Energy Gun 4 | . . 1 2 1 . Energy Cannon 2 | . . . 1 . 1 Ballistic Gun . | . . . . . . Ballistic Cannon . | . . . . . . Launcher 3 | . . 1 1 . 1 Special Weapon . | . . . . . . Impact Weapon . | . . . . . . Slashing Weapon 1 | . . . . . 1 Piercing Weapon . | . . . . . . Special Melee Weapon . | . . . . . . Unidentified Prototypes 1 | . . . 1 . . Parts Lost 11 | . . 4 1 . 6 Power 2 | . . . . . 2 Propulsion 5 | . . 2 1 . 2 Utility . | . . . . . . Weapon 4 | . . 2 . . 2 Highest Loss Streak 4 | . . 2 1 . 4 To Critical Strikes 4 | . . . . . 4 Average Slot Usage (%) 93 | . 85 84 97 100 98 Engine 12 | . 14 14 11 11 10 Treads 13 | . . . . 31 32 Leg 17 | . 28 27 32 1 . Device 14 | . . 1 20 22 22 Storage 12 | . 14 14 11 11 11 Processor 1 | . . 5 . . . Energy Gun 15 | . 28 20 14 11 10 Energy Cannon 5 | . . . 6 11 8 Naked Turns . | . . . . . . Heaviest Build 59 | 12 27 32 36 39 59 Greatest Support 60 | 20 20 20 33 60 60 Greatest Overweight (x) 2 | . 1 2 1 1 1 Average Overweight (x) . | . . 1 . . . Largest Inventory Capacity 20 | . 15 15 15 15 20 Average Capacity 15 | . 14 15 15 15 17 Most Carried 18 | . 6 13 15 15 18 Average Carried 12 | . 6 8 14 14 15 Final Capacity 20 | 8 15 15 15 15 20 Final Carried 15 | 6 6 13 15 15 12 Class Distribution -------------------- 68% | Mutant 31% | Scavenger-Mutant Dominant Class ---------------- Mutant | -10/Materials Scavenger-Mutant | -10/Mines Scavenger-Mutant | -9/Materials Mutant | -9/Mines Mutant | -9/Exiles Resources | -11 -10 -10 -9 -9 -9 ----------- Run | Jun Mat Min Mat Min Exi Matter Collected 511 | 195 15 101 150 50 . Remotely . | . . . . . . Salvage Created 1181 | . 51 496 565 53 16 Parts 63 | . 4 17 42 . . Haulers Intercepted 1 | . . . 1 . . Recyclers Shooed 3 | . . . 3 . . Parts Field Recycled . | . . . . . . Retrieved Matter . | . . . . . . Parts Self-Destructed . | . . . . . . Prevented . | . . . . . . Kills | -11 -10 -10 -9 -9 -9 ------- Run | Jun Mat Min Mat Min Exi Combat Hostiles Destroyed 27 | . 3 5 17 1 1 Guns 19 | . 3 4 10 1 1 Cannons 3 | . . . 3 . . AOE 5 | . . 1 4 . . Classes Destroyed 10 | . 1 4 3 1 1 Builder 1 | . . 1 . . . Tunneler 1 | . . 1 . . . Hauler 1 | . . . 1 . . Recycler 3 | . . 3 . . . Watcher 1 | . . . 1 . . Swarmer 10 | . 3 . 7 . . Grunt 12 | . . 5 7 . . Brawler 1 | . . . . 1 . Sentry 3 | . . . 3 . . Assembled 1 | . . . . . 1 Best Kill Streak 4 | . 3 4 4 1 1 Combat Bots Only 4 | . 3 2 4 1 1 Max Kills in Single Turn 3 | . 1 3 2 1 1 Gunslinging . | . . . . . . Exploded 2 | . . 1 2 . . Melee . | . . . . . . Uniques/NPCs Destroyed . | . . . . . . Combat | -11 -10 -10 -9 -9 -9 -------- Run | Jun Mat Min Mat Min Exi Damage Taken 2074 | . 138 438 777 . 721 Core 527 | . 32 81 220 . 194 Absorbed by Shields . | . . . . . . Core Remaining (%) 77 | 100 . 54 . . . Volleys Fired 89 | . 4 29 48 3 5 Largest 2 | . 2 2 2 2 1 Hottest 143 | . 80 105 118 143 75 Shots Fired 156 | . 8 45 92 6 5 Gun 116 | . 8 42 58 3 5 Cannon 35 | . . . 32 3 . Launcher 5 | . . 3 2 . . Special . | . . . . . . Kinetic . | . . . . . . Thermal 151 | . 8 42 90 6 5 Explosive 5 | . . 3 2 . . Electromagnetic . | . . . . . . Robot Hit Streak 14 | . 4 10 14 3 3 Robot Miss Streak 2 | . 1 2 2 1 1 Penetration Max . | . . . . . . Secondary Targets . | . . . . . . Shots Hit Robots 137 | . 4 32 67 4 30 Core Hits 54 | . 4 16 29 1 4 Critical Kills . | . . . . . . Critical Parts Destroyed . | . . . . . . Critical Strikes 6 | . . . 5 . 1 Burn 5 | . . . 5 . . Sever 1 | . . . . . 1 Melee Attacks 27 | . . . . . 27 Impact . | . . . . . . Slashing 27 | . . . . . 27 Piercing . | . . . . . . Sneak Attacks . | . . . . . . Combat Hostiles . | . . . . . . Follow-up Attacks . | . . . . . . Damage Inflicted 3400 | . 49 540 1423 98 1290 Guns 1184 | . 45 391 640 43 65 Cannons 515 | . . . 473 42 . Explosions 435 | . . 141 294 . . Melee 1214 | . . . . . 1214 Ramming 52 | . 4 8 16 13 11 Kinetic . | . . . . . . Thermal 1699 | . 45 391 1113 85 65 Explosive 435 | . . 141 294 . . Electromagnetic . | . . . . . . Impact . | . . . . . . Slashing 1214 | . . . . . 1214 Piercing . | . . . . . . Highest Corruption 1 | . . . 1 1 1 Average Corruption 1 | . . . 1 1 1 Corruption Purged . | . . . . . . Corruption Blocked . | . . . . . . Effects 12 | . . . 6 5 1 Message Errors 5 | . . . 5 . . Heat Flow Errors 3 | . . . 1 1 1 Energy Discharges 1 | . . . . 1 . Data Loss (minor) 2 | . . . . 2 . Alerts 1 | . . . . 1 . Overload Shots . | . . . . . . Overflow Damage 68 | . . . 50 . 18 Projectiles . | . . . . . . Explosions 50 | . . . 50 . . Melee 18 | . . . . . 18 Knockbacks 1 | . . 1 . . . Impact 1 | . . 1 . . . Kinetic . | . . . . . . Secondary . | . . . . . . Self-Inflicted Damage 76 | . . 76 . . . Shots 2 | . . 2 . . . Rammed 8 | . . . . 1 7 Targets Rammed 14 | . 1 1 4 1 7 Kicked 6 | . 1 1 4 . . Crushed . | . . . . . . Highest Temperature 360 | . 72 360 247 150 187 Average Temperature 131 | . 38 160 93 80 115 Received Heat Transfer 525 | . 39 210 276 . . Effects 2 | . . 2 . . . Interference 1 | . . 1 . . . Damage (minor) 1 | . . 1 . . . Siege Activations . | . . . . . . Robots Corrupted . | . . . . . . Combat Hostiles . | . . . . . . Parts Fried . | . . . . . . Impact Corruptions . | . . . . . . Robots Melted . | . . . . . . Combat Hostiles . | . . . . . . Parts Melted 11 | . . 2 7 2 . Heat Transferred 4202 | . 100 883 2960 148 111 Parts Sabotaged . | . . . . . . Parts Stolen . | . . . . . . Parts Stripped . | . . . . . . Power Chain Reactions . | . . . . . . Missiles Intercepted . | . . . . . . Alert | -11 -10 -10 -9 -9 -9 ------- Run | Jun Mat Min Mat Min Exi Peak Influence 389 | . 100 69 389 212 . Initial 151 | . . 39 19 151 . Average 100 | . 68 36 193 111 . Maximum Alert Level 1 | . . . 1 1 . Low Security (%) 81 | . 100 100 61 70 . Level 1 18 | . . . 38 29 . Level 2 . | . . . . . . Level 3 . | . . . . . . Level 4 . | . . . . . . Level 5 . | . . . . . . High Security . | . . . . . . Max Security . | . . . . . . Squads Dispatched 9 | . 4 . 4 1 . Investigation 5 | . 3 . 2 . . Extermination . | . . . . . . Reinforcement 3 | . 1 . 2 . . Assault 1 | . . . . 1 . Garrison . | . . . . . . Intercept . | . . . . . . Searches Triggered . | . . . . . . Construction Impeded . | . . . . . . Haulers Reinforced . | . . . . . . Active Scanning Responses . | . . . . . . Cargo Convoy Interrupts . | . . . . . . Stealth | -11 -10 -10 -9 -9 -9 --------- Run | Jun Mat Min Mat Min Exi Distress Signals 3 | . . . 3 . . Communications Jammed . | . . . . . . Distress Signals . | . . . . . . Times Spotted 36 | . 6 5 21 1 3 Peak Tracking Total 9 | . 3 2 4 1 9 Tactical Retreats 1 | . . . 1 . . Traps | -11 -10 -10 -9 -9 -9 ------- Run | Jun Mat Min Mat Min Exi Traps Triggered 4 | . 2 . 2 . . Indirectly . | . . . . . . Trap Hack Attempts . | . . . . . . Triggered . | . . . . . . Disarmed . | . . . . . . Reprogrammed . | . . . . . . Reused . | . . . . . . Traps Extracted . | . . . . . . Installed . | . . . . . . Triggered . | . . . . . . Exploded 3 | . . . . . 3 Machines | -11 -10 -10 -9 -9 -9 ---------- Run | Jun Mat Min Mat Min Exi Machines Disabled 3 | . . . 1 . 2 Max in Single Turn 1 | . . . 1 . 1 Machines Repaired . | . . . . . . Machines Sabotaged . | . . . . . . Overloaded Fab Kills . | . . . . . . Hacking | -11 -10 -10 -9 -9 -9 --------- Run | Jun Mat Min Mat Min Exi Machines Accessed 5 | . 1 . 2 . 2 Terminals 3 | . 1 . 2 . . Fabricators . | . . . . . . Repair Stations . | . . . . . . Recycling Units . | . . . . . . Scanalyzers . | . . . . . . Garrison Access . | . . . . . . Total Hacks 9 | . 2 . 5 . 2 Successful 3 | . . . 1 . 2 Failed 6 | . 2 . 4 . . Catastrophic 1 | . . . 1 . . Database Lockouts . | . . . . . . Manual 8 | . 2 . 5 . 1 Terminals 7 | . 2 . 5 . . Fabricators . | . . . . . . Repair Stations . | . . . . . . Recycling Units . | . . . . . . Scanalyzers . | . . . . . . Garrison Access . | . . . . . . Terminal Hacks 3 | . . . 1 . 2 Record 1 | . . . . . 1 Zone Layout 1 | . . . 1 . . EX-Prototype ID Bank 1 | . . . . . 1 Fabricator Hacks . | . . . . . . Repair Station Hacks . | . . . . . . Recycling Unit Hacks . | . . . . . . Scanalyzer . | . . . . . . Garrison Access Hacks . | . . . . . . Unauthorized Hacks . | . . . . . . Terminals . | . . . . . . Fabricators . | . . . . . . Repair Stations . | . . . . . . Recycling Units . | . . . . . . Scanalyzers . | . . . . . . Garrison Access . | . . . . . . Data Cores Recovered . | . . . . . . Used . | . . . . . . Hacking Detections 3 | . 1 . 2 . . Full Trace Events 2 | . 1 . 1 . . Feedback Events . | . . . . . . Feedback Blocked . | . . . . . . Robot Schematics Acquired . | . . . . . . Robots Built . | . . . . . . Authchips . | . . . . . . Time . | . . . . . . Total Robot Build Rating . | . . . . . . Part Schematics Acquired . | . . . . . . Parts Built . | . . . . . . Authchips . | . . . . . . Time . | . . . . . . Total Part Build Rating . | . . . . . . Parts Repaired . | . . . . . . Time . | . . . . . . Parts Recycled . | . . . . . . Recycled Matter . | . . . . . . Retrieved Matter . | . . . . . . Retrieved Components . | . . . . . . Parts Scanalyzed . | . . . . . . Part Schematics Acquired . | . . . . . . Parts Damaged . | . . . . . . Bothacking | -11 -10 -10 -9 -9 -9 ------------ Run | Jun Mat Min Mat Min Exi Used RIF Installer . | . . . . . . Robots Hacked . | . . . . . . Non-combat . | . . . . . . Combat . | . . . . . . Robot Hacks Applied . | . . . . . . Relay Couplers Released . | . . . . . . Fabnet Peak Effective % . | . . . . . . Robots Rewired . | . . . . . . Allies Hacked . | . . . . . . Hacks Repelled . | . . . . . . Allies | -11 -10 -10 -9 -9 -9 -------- Run | Jun Mat Min Mat Min Exi Total Allies 5 | . . 1 . 4 . Largest Group 3 | . . 1 . 3 3 Highest-Rated Group 40 | . . 31 . 40 40 Highest-Rated Ally 31 | . . 31 . 31 16 Total Orders 1 | . . . . . 1 STAY 1 | . . . . . 1 Ally Attacks 32 | . . . . 20 12 Total Damage 270 | . . . . 210 60 Kills 4 | . . . . 3 1 Allies Corrupted . | . . . . . . Allies Melted . | . . . . . . Intel | -11 -10 -10 -9 -9 -9 ------- Run | Jun Mat Min Mat Min Exi Robot Analysis Total . | . . . . . . Derelict Logs Recovered 2 | . . 1 . 1 . Drone Launches . | . . . . . . Drone Recoveries . | . . . . . . Exploration | -11 -10 -10 -9 -9 -9 ------------- Run | Jun Mat Min Mat Min Exi Turns Passed 3570 | . 159 1133 747 720 811 Spaces Moved 1806 | 1 82 538 326 434 425 Core . | . . . . . . Treads 842 | . . . . 417 425 Legs 964 | 1 82 538 326 17 . Wheels . | . . . . . . Hover . | . . . . . . Flight . | . . . . . . Fastest Speed 120 | 120 120 190 120 160 160 Average Speed 173 | 120 174 190 176 161 160 Slowest Speed 260 | 120 190 260 190 190 240 Overloaded Moves . | . . . . . . Propulsion Burnouts . | . . . . . . Robots Hopped . | . . . . . . Cave-ins Triggered . | . . . . . . Exploration Rate (%) 54 | 2 29 98 47 92 60 Regions Visited 5 Branch Regions 3 Pre-discovered Areas 1 | . . . . . 1 Known Exits Taken . | . . . . . . Unknown Exits Taken 5 | 1 1 1 1 1 . Scrap Searched 6 | . . 2 . 4 . Spaces Dug . | . . . . . . Terrain Destroyed 18 | . . 17 1 . . Melee . | . . . . . . Projectile . | . . . . . . AOE 18 | . . 17 1 . . Terrain Rammed . | . . . . . . Walls Destroyed . | . . . . . . Machines Disabled . | . . . . . . Actions | -11 -10 -10 -9 -9 -9 --------- Run | Jun Mat Min Mat Min Exi Total 2059 | . 89 597 407 451 515 Wait 52 | . 1 15 1 . 35 Move 1801 | . 81 537 325 433 425 Hop . | . . . . . . Pick Up 19 | . . 4 7 3 5 Fast Attach 12 | . 1 5 5 1 . Attach 7 | . . 1 1 2 3 Detach 1 | . . 1 . . . Swap 14 | . . 3 6 2 3 Drop 23 | . 1 1 10 6 5 Fire 89 | . 4 29 48 3 5 Melee 27 | . . . . . 27 Ram . | . . . . . . Kick 6 | . 1 1 4 . . Crush 8 | . . . . 1 7 Escape Stasis . | . . . . . . Rewire . | . . . . . . Trap . | . . . . . . Miscellaneous . | . . . . . . Route ------- -11/Junkyard -10/Materials -10/Mines (discovered 2 exits: *Mat x2) -9/Materials (discovered 2 exits: [*Mat] / [*Min]) -9/Mines (discovered 3 exits: [*Mat x2] / *Exi) -9/Exiles History --------- Turn | Location | Event 1 | -11/Junkyard | Discovered new exit (range 0) 1 | -11/Junkyard | Entered Materials 144 | -10/Materials | Discovered new exit (range 8) 160 | -10/Materials | Entered Mines 310 | -10/Mines | Build established: Mutant 458 | -10/Mines | Discovered new exit (range 5) 617 | -10/Mines | Received a Rocket Launcher from a helpful Derelict 824 | -10/Mines | Discovered new exit (range 7) 949 | -10/Mines | Received a Mining Laser from a helpful Derelict 975 | -10/Mines | Build established: Scavenger-Mutant 1103 | -10/Mines | Excavation squad dispatched 1103 | -10/Mines | A large section of the Mines collapsed 1293 | -10/Mines | Entered Materials 1293 | -9/Materials | Evolved 2 slots: Propulsion x1, Utility x1 1583 | -9/Materials | Discovered new exit (range 3) 1959 | -9/Materials | Core integrity fell below 50% 2002 | -9/Materials | Discovered new exit (range 20) 2040 | -9/Materials | Entered Mines 2041 | -9/Mines | Met a Derelict testing a Signal Generator 2223 | -9/Mines | Learned Materials emergency access door positions 2233 | -9/Mines | Assisted by bots powering up and referring to "LRC-V3" 2266 | -9/Mines | Discovered new exit (range 8) 2377 | -9/Mines | Build established: Mutant 2451 | -9/Mines | Discovered new exit (range 5) 2741 | -9/Mines | Deemed a non-threat by the Exiles lab entrance 2742 | -9/Mines | Discovered new exit (range 5) 2760 | -9/Mines | Entered Exiles 2760 | -9/Exiles | Accompanied by 3 allies 2800 | -9/Exiles | Met 8R-AWN 2826 | -9/Exiles | Met EX-HEX 2882 | -9/Exiles | Met EX-BIN 2904 | -9/Exiles | Aligned with FarCom system 2906 | -9/Exiles | Given EX-Vault access code 2944 | -9/Exiles | Opened EX-Vault 2956 | -9/Exiles | Found Longsword +1 2961 | -9/Exiles | Found Gui. Plasma Cannon 2997 | -9/Exiles | Warned to stay clear of 0b10 Research branches 3045 | -9/Exiles | Met EX-DEC 3058 | -9/Exiles | Learned location of Zion (-6) 3386 | -9/Exiles | Attacked by the Exiles 3538 | -9/Exiles | Core integrity fell below 20% 3554 | -9/Exiles | Lost 4 parts (1p2n1w) 3571 | -9/Exiles | Destroyed by 8R-AWN with 8R-AWN's Boregun Last Messages --------------- 03555_ HV Slug penetrates Wall. 03560_ Penetrated by HV Slug. 03560_ HV Slug penetrates Wall. 03560_ Penetrated by HV Slug. 03560_ Particle Cannon destroyed. 03560_ HV Slug penetrates Wall. 03560_ Destroyed Prototype Device. 03564_ Wall collapses. 03565_ HV Slug penetrates Wall. 03565_ Penetrated by HV Slug. 03565_ HV Slug penetrates Earth. 03569_ HV Slug penetrates Machine. 03569_ Machine disabled. 03569_ Penetrated by HV Slug. 03569_ Ion Engine destroyed. 03569_ HV Slug penetrates Earth. 03571_ Destroyed Prototype Protection. 03571_ Penetrated by HV Slug. 03571_ HV Slug penetrates Earth. 03571_ Penetrated by HV Slug. Map ----- +----------------------------------------------------+ | ?????????????????????????????????????????????????? | | ?????????????????????????????????????????????????? | | ?????????????????????????????????????????????????? | | ?????????????????????????????????????????????????? | | ?????????????????????????????????????????????????? | | ?????????????????????????????????????????????????? | | ?????????????????????????????????????????????????? | | ?????????????????????????????????????????????????? | | ?????????????????????????????????????????????????? | | ?????????????????????????????????????????????????? | | ?????????????????????????????????????????????????? | | ?????????????????????????????????????????????????? | | ?????????????????????????????????????????????????? | | ?????????????????????????#???????????????????????? | | ????????????????????????? ???????????????????????? | | ????????????????????????? ???????????????????????? | | ??????????? ???????????? ???????????????????????? | | ?????????? ??????????# #?#######??????????????? | | ?????????? ######???# #?#!!! "#??????????????? | | ?????????? #" #??# #?# "#??????????????? | | ??????????# ??# #?# "#??????????????? | | ???????????#" #?# ### ""#?????????????#? | | ???????????"" ##;##" ""#???????????? " | | ?????????????# ##" = ""#????????????" " | | ??????????????# =# "=%*###????????????" | | ??????????????#"## @ [%*[#?????????????"" | | ?????????????????#### g !=%##????????????"" | | ????????????????????### *%"#???????????? | | ??????????????######## ! ###???????????" | | ??????????????# !!""""" % ##??????????# | | ??????????????#! "### " ;#####???### | | ??????????????#! "#?## % ""#####X# | | ??????????????#! ##??# % | | ??????????????# !"" "#;#???#"# | | ??????????????#########; #???#### | | ???????????????????????# #??????##; % | | ???????????????????????# #????????#;" | | ???????????????????????# #??????????"" | | ???????????????????????? ????????????## | | ???????????????????????? ?????????????##" | | ???????????????????????? ??????????????#"" | | ???????????????????????? ??????????????#" | | ????????????????????????#?????????????#"" | | ??????????????????????????????????????#""" | | ??????????????????????????????????????""" | | ??????????????????????????????????????""" | | ???????????????????????????????????????" | | ???????????????????????????????????????"" | | ??????????????????????????????????????"" | | ???????????????????????????????????????"" | +----------------------------------------------------+ Best States ------------- Heat Dissipation 52 Energy Generation 14 Energy Capacity 280 Matter Stores 300 Matter Capacity 300 Sight Range 16 Terrain Scan Density 10 Evasion (%) 55 Recoil Reduction 3 Item Schematics ----------------- None Robot Schematics ------------------ None Fabricated ------------ Nothing Alien Tech Used ----------------- None Achievements -------------- None Challenges ------------ None Game ------ Seed SubatomicLatentInverter Manual? 0 Play Time 00:18:14 Cumulative 298.1 hours Start 2023.03.14 @ 18:03:16 End 2023.03.14 @ 18:18:56 Sessions 1 Manual Loads 0 Difficulty Rogue Special Mode None Game No. 333 Rogue 333 Adventurer 0 Explorer 0 Win Type - Total 27 Types 16/3/2/1/2/0/3/0/0 Lore% 81 Gallery% 77 Achievement% 82 Wizard Run 0 Options --------- ASCII 0 Keyboard 0 Movement Arrows Keybinds 0 Fullscreen 1 Font 18/Smallcaps Map View 76x50 Tactical HUD 1 Map Filters NONE Filters NONE Steam 1 RUN: 227b54cf-8394-451b-b746-3ad4e458b3b9